 Dungeon Crawl Stone Soup version 0.20-a0-540-ge6d1839 (webtiles) character file.

2275 Rhoefr the Covert (level 9, -11/51 HPs)
             Began as an Octopode Earth Elementalist on Jan 29, 2017.
             Mangled by a two-headed ogre
             ... wielding a +0 giant spiked club
              (31 damage)
             ... on level 8 of the Dungeon.
             The game lasted 00:26:44 (8952 turns).

Rhoefr the Covert (Octopode Earth Elementalist)     Turns: 8952, Time: 00:26:44

Health: -11/51     AC:  3    Str:  7    XL:     9   Next: 39%
Magic:  8/12       EV: 15    Int: 24    God:
Gold:   469        SH:  6    Dex: 18    Spells: 2/12 levels left

rFire    . . .     SeeInvis .   a - +5 dagger
rCold    . . .     Gourm    .   m - +1 buckler
rNeg     . . .     Faith    .   k - +2 hat {Int+3}
rPois    +         Spirit   .   (no amulet)
rElec    .         Reflect  .   o - ring of protection from magic
rCorr    .         Harm     .   t - ring of poison resistance
MR       +....                  z - +6 ring of dexterity
Stlth    ++++++....             (no ring)
Regen    0.2/turn               (no ring)
                                (no ring)
                                (no ring)
                                (no ring)

@: no status effects
A: almost no armour, stealthy swim, amphibious, 8 rings, constrict 8, camouflage
1, gelatinous body 1
a: no special abilities


You were on level 8 of the Dungeon.
You were hungry.

You visited 2 branches of the dungeon, and saw 9 of its levels.
You also visited: Sewer.

You collected 469 gold pieces.

Inventory:

Hand Weapons
 a - a +5 dagger (weapon)
 e - a +1 dagger
Missiles
 b - 301 stones (quivered)
 x - 2 throwing nets
Armour
 k - a +2 hat of intelligence (worn)
 m - a +1 buckler (worn)
Jewellery
 o - a ring of protection from magic (left tentacle)
 t - a ring of poison resistance (right tentacle)
 z - a +6 ring of dexterity (on tentacle)
Wands
 l - a wand of paralysis (9/24)
 A - a wand of paralysis (7/24)
 B - a wand of paralysis (18/24)
 D - a wand of flame (12/48)
 I - a wand of flame (35/48)
Scrolls
 i - 3 scrolls of random uselessness
 p - 2 scrolls of remove curse {unknown}
 r - 2 scrolls of recharging {unknown}
 w - 3 scrolls of immolation {unknown}
 y - 5 scrolls of identify
 C - 3 scrolls of teleportation {unknown}
 G - a scroll of magic mapping {unknown}
Potions
 f - a potion of haste {unknown}
 h - 4 potions of flight
 j - 10 potions of heal wounds {unknown}
 n - a potion of invisibility
 q - 4 potions of curing
 s - 2 potions of might
 u - 2 potions of berserk rage {unknown}
 v - a potion of brilliance {unknown}
 E - a potion of agility
Books
 d - a book of Geomancy

   Spells                             Type                      Level
   a - Sandblast                      Earth                        1
   b - Passwall                       Transmutation/Earth          2
   c - Stone Arrow                    Conjuration/Earth            3
   d - Petrify                        Transmutation/Earth          4
   e - Lee's Rapid Deconstruction     Earth                        5
Comestibles
 c - 5 bread rations
 g - 2 meat rations
 F - a royal jelly
 H - a fruit
 J - a chunk of flesh


   Skills:
 + Level 4.0 Dodging
 + Level 9.8 Stealth
 - Level 4.0 Shields
 - Level 2.0 Spellcasting
 + Level 6.2 Transmutations
 + Level 6.5 Earth Magic


You had 2 spell levels left.
You knew the following spells:

 Your Spells              Type           Power        Failure   Level  Hunger
a - Sandblast             Erth           ####..       1%          1    #......
b - Passwall              Tmut/Erth      ####......   1%          2    ##.....
c - Stone Arrow           Conj/Erth      ###...       12%         3    ###....
d - Petrify               Tmut/Erth      ####....     12%         4    #####..


Dungeon Overview and Level Annotations

Branches:
Dungeon (8/15)             Temple (1/1) D:6            Lair (0/6) D:8

Altars:
Ashenzari
Cheibriados
Dithmenos
Elyvilon
Fedhas
Gozag
Hepliaklqana
Kikubaaqudgha
Makhleb
Nemelex Xobeh
Qazlal
Ru
Uskayaw
Vehumet
Xom
Yredelemnul
Zin

Shops:
D:5 ?   D:6 =

Annotations:
D:4 exclusion: statue
D:5 exclusion: ice beast
D:6 exclusions: orc priest and 2 more exclusions


Innate Abilities, Weirdness & Mutations

You cannot wear most types of armour.
You are very stealthy in the water. (Stealth+)
You are amphibious.
You can wear up to eight rings at the same time.
You can use your tentacles to constrict eight enemies at once.
Your skin changes colour to match your surroundings (Stealth+).
Your rubbery body absorbs attacks. (AC +1, EV +1)


Message History

Confirm with . or Enter, or press ? or * to list all spells.
Aiming: Sandblast
Press: ? - help, Shift-Dir - straight line, f/p - two-headed ogre
Aim: a two-headed ogre, wielding two giant spiked clubs (lightly wounded)
The blast of sand hits the two-headed ogre.
The two-headed ogre is heavily wounded.
b - 302 stones The two-headed ogre hits you with a giant spiked club!!
The two-headed ogre barely misses you.
Casting: Sandblast
Confirm with . or Enter, or press ? or * to list all spells.
Aiming: Sandblast
Press: ? - help, Shift-Dir - straight line, f/p - two-headed ogre
Aim: a two-headed ogre, wielding two giant spiked clubs (heavily wounded)
The blast of sand hits the two-headed ogre.
The two-headed ogre is severely wounded.
b - 301 stones The two-headed ogre hits you with a giant spiked club!!
Ouch! That really hurt!
You die...

........#..P..PP..#........
........#.##PP.##.#........
.........#..#...#..#........
...........#...≈...#.........
.........<....###............
.............................
.............................
............O................
............@................
.............................
.............................
.............................
##...........................
###............####.........
########..#### ###.......
#..# #....... #..# ##......


You could see a two-headed ogre.

Vanquished Creatures
  A hungry ghost (D:7)
  2 ice beasts
  3 ogres
  3 centaurs
  A big kobold (Sewer)
  2 bullfrogs (D:7)
  Blork the orc (D:6)
  3 scorpions
  A wyvern skeleton (D:7)
  5 hounds
  A bullfrog zombie (D:7)
  3 orc priests
  3 crimson imps
  3 orc wizards
  3 bullfrog skeletons
  3 worker ants
  2 iguanas (D:6)
  8 gnolls
  2 howler monkey skeletons
  4 adders
  A shadow imp (D:5)
  2 oozes
  An adder zombie (D:5)
  An adder skeleton (D:8)
  A worm (D:2)
  A dart slug (D:1)
  10 leopard geckos
  41 orcs
  8 giant cockroaches
  11 goblins
  15 hobgoblins
  6 jackals
  A quokka (D:8)
  3 ball pythons
  6 bats
  7 frilled lizards
  28 kobolds
  A leopard gecko skeleton (D:6)
  2 leopard gecko zombies
  A quokka skeleton (D:5)
  16 rats
217 creatures vanquished.

Notes
Turn   | Place    | Note
-------+----------+-------------------------------------------
     0 | D:1      | Rhoefr the Octopode Earth Elementalist began the quest for the Orb.
     0 | D:1      | Reached XP level 1. HP: 11/11 MP: 3/3
   104 | D:1      | Reached skill level 3 in Stealth
   104 | D:1      | Reached XP level 2. HP: 14/17 MP: 5/5
   670 | D:1      | Learned a level 2 spell: Passwall
   911 | D:1      | Reached XP level 3. HP: 6/21 MP: 6/6
  1534 | D:2      | Found a shadowy altar of Dithmenos.
  2269 | D:2      | Found a basalt altar of Yredelemnul.
  2455 | D:3      | Reached XP level 4. HP: 27/27 MP: 7/7
  2468 | D:3      | Reached skill level 4 in Stealth
  2617 | D:3      | Reached skill level 1 in Shields
  2629 | D:3      | Found a glowing drain.
  2744 | Sewer    | Entered a sewer
  3253 | Sewer    | Noticed a big kobold
  3259 | Sewer    | Reached XP level 5. HP: 17/31 MP: 3/8
  3264 | Sewer    | Killed a big kobold
  3264 | Sewer    | Reached skill level 5 in Stealth
  3585 | D:3      | Reached XP level 6. HP: 28/36 MP: 7/9
  3897 | D:3      | Found a burning altar of Makhleb.
  4361 | D:4      | Learned a level 3 spell: Stone Arrow
  4390 | D:4      | Reached skill level 6 in Stealth
  4643 | D:4      | Paralysed by an orc priest for 4 turns
  4871 | D:4      | Found a radiant altar of Vehumet.
  4890 | D:4      | Reached XP level 7. HP: 36/41 MP: 7/10
  4917 | D:4      | Learned a level 4 spell: Petrify
  5278 | D:5      | Entered Level 5 of the Dungeon
  5383 | D:5      | Found Kixkip's Magic Scroll Boutique.
  5790 | D:5      | Found a shimmering altar of Xom.
  5875 | D:5      | Reached skill level 7 in Stealth
  6201 | D:6      | Reached XP level 8. HP: 28/46 MP: 9/11
  6255 | D:6      | Reached skill level 5 in Earth Magic
  6308 | D:6      | Found Emopn's Jewellery Emporium.
  6474 | D:6      | Found a staircase to the Ecumenical Temple.
  6481 | Temple   | Entered the Ecumenical Temple
  6895 | D:6      | Noticed Blork the orc
  7193 | D:6      | Killed Blork the orc
  7318 | D:7      | Reached skill level 8 in Stealth
  7318 | D:7      | Reached skill level 5 in Transmutations
  7875 | D:7      | Reached skill level 9 in Stealth
  7875 | D:7      | Reached XP level 9. HP: 36/51 MP: 8/12
  8437 | D:8      | Noticed a two-headed ogre
  8490 | D:8      | Found a staircase to the Lair.
  8952 | D:8      | Mangled by a two-headed ogre

Vault maps used:
D:1:      erik_arrival_cave_to_civilisation
D:2:      grunt_dithmenos_smoke_and_mirrors, lemuel_round_altar
D:3:      portal_sewer_entry_f, makhleb_blood_cavern_becter
D:4:      vehumet_statue
D:5:      serial_shops, shop, first_bread, tgw_xom
D:6:      corexii_shack_village, minmay_temple_entry_enclosed_plants,
          serial_shops, shop, uniq_blork_the_orc
D:7:      kennysheep_opposing_triangles
D:8:      chequers_temple_overflow_minitemple, dpeg_oklobed_lair,
          grunt_ogre_cave
Temple:   nicolae_temple_figure_eight
Sewer:    kennysheep_pipe_town

Skill      XL: |  1  2  3  4  5  6  7  8  9 |
---------------+----------------------------+-----
Stealth        | 3 4 5 6 7 9 |  9.8
Earth Magic    | 4 6 |  6.5
Shields        | 1 3 4 |  4.0
Transmutations | 2 4 5 6 |  6.2
Dodging        | 3 4 |  4.0
Spellcasting   | |  2.0

Action                   |  1- 3 |  4- 6 |  7- 9 || total
-------------------------+-------+-------+-------++-------
Melee: Unarmed           |    20 |       |       ||    20
       Tentacles         |    18 |    30 |    32 ||    80
       Constrict         |    31 |    41 |    42 ||   114
       Dagger            |   108 |   160 |   179 ||   447
Throw: Stone             |       |     4 |     8 ||    12
 Cast: Sandblast         |     3 |    29 |    50 ||    82
       Stone Arrow       |       |       |     4 ||     4
       Passwall          |       |       |     3 ||     3
  Use: Scroll            |     4 |     5 |     1 ||    10
 Stab: Sleeping          |    16 |     6 |    23 ||    45
       Distracted        |       |     2 |       ||     2
  Eat: Chunk             |     5 |     6 |    12 ||    23
       Royal jelly       |       |     1 |       ||     1
       Fruit             |       |       |     1 ||     1
Armor: Skin              |    12 |    12 |     8 ||    32
Dodge: Dodged            |    68 |    97 |   102 ||   267
Block: Buckler           |       |    21 |    37 ||    58
